 Dungeon Sprint DCSS version 0.26.1-11-gd32895ea62 (webtiles) character file.

Game seed: 12178231649890411986

0 Zeld the Chopper (level 2, -1/27 HPs)
             Began as a Hill Orc Monk on June 11, 2021.
             Was a Believer of Beogh.
             Killed by nerve-wracking pain
             ... invoked by Jessica
              (11 damage)
             ... in the Dungeon (Sprint VI: "Thunderdome").
             The game lasted 00:01:29 (87 turns).

Zeld the Chopper (Hill Orc Monk)                      Turns: 87, Time: 00:01:30

Health: -1/27      AC:  2    Str: 13    XL:     2   Next: 12%
Magic:  2/2        EV: 13    Int: 10    God:    Beogh [**....]
Gold:   0          SH:  0    Dex: 13    Spells: 1/1 levels left

rFire    . . .     SeeInvis .   a - +0 hand axe
rCold    . . .     Faith    .   (no shield)
rNeg     . . .     Spirit   .   b - +0 robe
rPois    .         Reflect  .   (no helmet)
rElec    .         Harm     .   (no cloak)
rCorr    .         Rampage  .   (no gloves)
Will     .....     NoTele   +   (no boots)
Stlth    ++........             (no amulet)
HPRegen  0.09/turn              (no ring)
MPRegen  0.08/turn              (no ring)

@: no status effects
A: no striking features
a: Renounce Religion, Smiting


You were in the Dungeon.
You worshipped Beogh.
Beogh was pleased with you.
You visited 1 branch You collected 200 gold pieces.
You spent 200 gold pieces at shops.

Inventory:

Hand Weapons
 a - a +0 hand axe (weapon)
Armour
 b - a +0 robe (worn)
Wands
 j - a wand of acid (5)
 k - a wand of iceblast (5)
Scrolls
 h - 4 scrolls of blinking
 l - 3 scrolls of fog
 m - a scroll of brand weapon
Potions
 c - a potion of curing
 d - 3 potions of heal wounds
 e - 4 potions of haste
 f - 2 potions of magic
 g - a potion of berserk rage
 i - a potion of resistance


   Skills:
 + Level 4.0 Fighting
 * Level 4.9 Axes
 + Level 2.7 Dodging
 * Level 2.5 Stealth
 + Level 1.1 Evocations


You had one spell level left.
You didn't know any spells.
Your spell library was empty.

Dungeon Overview and Level Annotations

Branches:
Dungeon (1/1)

Altars:
Cheibriados
Dithmenos
Fedhas
Gozag
Kikubaaqudgha
Makhleb
Okawaru
Ru
Sif Muna
Trog
Uskayaw
Vehumet
Wu Jian
Zin
The Shining One
Beogh
Jiyva
Lugonu

Shops:
D *[??*?*:[((!!!

Annotations:
D Jessica


Message History

The bat zombie completely misses you. The bat zombie hits you.
Jessica drinks a potion.
Jessica suddenly seems more resistant.
You closely miss the bat zombie. The bat zombie misses you.
The bat zombie hits you but does no damage.
The bat zombie closely misses you.
Jessica mumbles some strange words.
Jessica seems to speed up.
You hit the bat zombie but do no damage.
The bat zombie barely misses you. The bat zombie closely misses you.
The bat zombie misses you.
You slash the bat zombie!
The bat zombie is severely damaged.
The bat zombie closely misses you. The bat zombie barely misses you.
The bat zombie closely misses you.
You hit the bat zombie.
You destroy the bat zombie!
Beogh accepts your kill.
Jessica points at you and mumbles some strange words.
Pain shoots through your body!
You die...

##∩.....∩## #∩.......∩#
#_......._# #_......._#
#_......._#
###.........###
#⌠...........⌠#
##.8.........8.######
.......###......@__∩#
.....8.# #.8........∩#
.......###..........@..#
....###...###..........⌠
....# #.<.# #..........⌠
....###...# #..........⌠
.......###.............#
.....8.# .8........∩###
_......###......


You could see Jessica (fast, resistant).

Vanquished Creatures
  An adder (D)
  A bat zombie (D)
2 creatures vanquished.

Notes
Turn   | Place    | Note
-------+----------+-------------------------------------------
     0 | D        | Zeld the Hill Orc Monk began the quest for the Orb.
     0 | D        | Reached XP level 1. HP: 19/19 MP: 1/1
     3 | D        | Found a glowing silver altar of Zin.
     3 | D        | Found an ancient bone altar of Kikubaaqudgha.
     4 | D        | Found a roughly hewn altar of Beogh.
     4 | D        | Found a bloodstained altar of Trog.
     5 | D        | Found a hide-covered altar of Uskayaw.
     5 | D        | Round 1.
     6 | D        | Found a shadowy altar of Dithmenos.
     6 | D        | Found Joethaloegg's Premium Goods.
     6 | D        | Found Xobuty Nausm's Weapon Rack.
     7 | D        | Found Iliegri's Miscellaneous Merchandise.
     7 | D        | Found Bunarph's Basic Armour.
    16 | D        | Found a blossoming altar of Fedhas.
    16 | D        | Found Fiulox's Identification Station.
    16 | D        | Found Xufo's Advanced Armour.
    17 | D        | Found Karch's Jewellery.
    18 | D        | Found a shimmering blue altar of Sif Muna.
    18 | D        | Found a radiant altar of Vehumet.
    21 | D        | Became a worshipper of Beogh the Brigand
    21 | D        | Reached * piety under Beogh
    21 | D        | Reached ** piety under Beogh
    39 | D        | Found an ornate altar of the Wu Jian Council.
    41 | D        | Found a glowing golden altar of the Shining One.
    43 | D        | Found a corrupted altar of Lugonu.
    54 | D        | Reached skill level 1 in Evocations
    54 | D        | Reached XP level 2. HP: 16/27 MP: 2/2
    54 | D        | Found Daofouto's Magic Scroll Shop.
    55 | D        | Found Roenwei's Magic Scroll Shop.
    55 | D        | Found Haotur's Must-Have Magic.
    62 | D        | Bought a scroll of brand weapon for 200 gold pieces
    62 | D        | Found Velaarro's Staff Store.
    62 | D        | Found a viscous altar of Jiyva.
    62 | D        | Found an iron altar of Okawaru.
    62 | D        | Found a burning altar of Makhleb.
    74 | D        | Noticed Jessica
    75 | D        | Found a snail-covered altar of Cheibriados.
    76 | D        | Found a sacrificial altar of Ru.
    77 | D        | Found an opulent altar of Gozag.
    77 | D        | Found Qas Ipsi's Distillery.
    79 | D        | Found Fueref's Distillery.
    79 | D        | Found Uxyadecu's Bottled Wisdom.
    87 | D        | Killed from afar by Jessica

Illustrated notes

Levels and vault maps discovered:
D:        arena_sprint

Skill      XL: |  1 |
---------------+----+-----
Fighting       | 4 |  4.0
Stealth        | 2 |  2.5
Evocations     | 1 |  1.1
Axes           | |  4.9
Dodging        | |  2.7

Action                   || total
-------------------------++-------
Melee: Hand axe          ||    14
  Use: Potion            ||     1
Armor: Robe              ||     5
Dodge: Dodged            ||    17
